 Dungeon Crawl Stone Soup version 0.18.1-48-g4cf74bf (webtiles) character file.

178 Inkary the Skirmisher (level 5, -4/47 HPs)
             Began as a Draconian Chaos Knight on July 26, 2016.
             Slain by an ice beast (10 damage)
             ... on level 3 of the Dungeon.
             The game lasted 00:10:07 (2792 turns).

Inkary the Skirmisher (Draconian Chaos Knight)      Turns: 2792, Time: 00:10:08

Health: -4/47      AC:  5    Str: 16    XL:     5   Next: 32%
Magic:  5/5        EV: 12    Int: 12    God:    Xom [....*.]
Gold:   176        SH:  0    Dex: 10    Spells: 0 memorised, 4 levels left

rFire  . . .     SeeInvis .     a - +0 hand axe (chaos)
rCold  . . .     Gourm    .     (armour unavailable)
rNeg   . . .     Faith    .     (no shield)
rPois  .         Spirit   .     (helmet restricted)
rElec  .         Dismiss  .     (no cloak)
rCorr  .         Reflect  .     (no gloves)
SustAt .         Harm     .     (no boots)
MR     .....                    (no amulet)
Stlth  +.........               (no ring)
                                (no ring)

@: slowed, very slow, not resistant to hostile enchantments, very unstealthy
A: unfitting armour, claws 1, cold-blooded, AC +5
a: Renounce Religion


You were on level 3 of the Dungeon.
You worshipped Xom.
You were a beloved toy of Xom.
You were not hungry.

You visited 1 branch of the dungeon, and saw 4 of its levels.

You collected 176 gold pieces.

Inventory:

Hand Weapons
 a - a +0 hand axe of chaos (weapon)
Jewellery
 m - an uncursed ring of protection from cold {unknown}
 q - an uncursed amulet of magic regeneration {unknown}
Scrolls
 d - a scroll of immolation
 g - a scroll of fog {unknown}
 j - a scroll of recharging
 k - a scroll of remove curse {unknown}
Potions
 e - 2 potions of cure mutation
Comestibles
 b - 3 bread rations
 c - 5 chunks of flesh
 h - a beef jerky
 i - a meat ration


   Skills:
 + Level 4.9 Fighting
 + Level 4.2 Axes
 + Level 3.2 Dodging


You had 4 spell levels left.
You didn't know any spells.

Dungeon Overview and Level Annotations

Branches:
Dungeon (4/15)
 Temple: D:4-7

Altars:
Gozag
Qazlal
Xom
The Shining One


Innate Abilities, Weirdness & Mutations

Your plain brown scales are hard (AC +5).
Your body does not fit into most forms of armour.
You are cold-blooded and may be slowed by cold attacks.
You have sharp fingernails.


Message History

You closely miss the ice beast.
Your tail-slap misses the ice beast.
The ice beast hits you. The ice beast freezes you!
You feel yourself slow down.
You closely miss the ice beast. The ice beast closely misses you.
The ice beast barely misses you.
You hit the ice beast.
You feel better.
You feel a strange surge of energy!
The ice beast is lightly wounded.
You feel yourself speed up. The ice beast hits you. The ice beast freezes you!
You feel yourself slow down.
A shower of butterflies erupts from you!
You hit the ice beast but do no damage.
The ice beast is lightly wounded.
The ice beast hits you.
* * * LOW HITPOINT WARNING * * *
The ice beast freezes you.
* * * LOW HITPOINT WARNING * * *
The ice beast hits you.
* * * LOW HITPOINT WARNING * * *
The ice beast freezes you!
You die...
Xom chuckles heartily!

#.##.#####
#.#####.#
#....#8_8#
###.#####.#
.....#...#
........<.#
.....#...#
##.....O.#####
####.##.##
#####.......#
#.#...# #.#######
#.#...# #.#
#<#...#########)#
#.....>...bbb@Y.#
###...######.##b#
∆ ## ##...##
#....# .# #.....#
####.# .#
#.....##### #.#
.#
#...........##.#
.#
##.#[####......#
.# #.#.# #(..##.#
### .#####.#.#
##. #.# #..


You could see an ice beast.

Vanquished Creatures
  A hell rat (D:1)
  A worker ant (D:4)
  A gnoll (D:1)
  5 adders
  2 worms
  4 dart slugs
  A giant gecko (D:2)
  4 orcs (D:4)
  A giant cockroach (D:3)
  2 goblins (D:3)
  12 hobgoblins
  2 jackals (D:2)
  12 kobolds
  2 ball pythons
  6 bats
  4 giant newts
  5 rats
65 creatures vanquished.

Notes
Turn   | Place    | Note
--------------------------------------------------------------
     0 | D:1      | Inkary the Draconian Chaos Knight began the quest for the Orb.
     0 | D:1      | Reached XP level 1. HP: 19/19 MP: 1/1
    19 | D:1      | Noticed a hell rat
    19 | D:1      | a kobold changed into a hell rat
    20 | D:1      | XOM: butterfly on damage
    26 | D:1      | XOM: potion effect (berserk rage)
    27 | D:1      | XOM: silly message
    28 | D:1      | XOM: potion effect (curing)
    33 | D:1      | Killed a hell rat
    33 | D:1      | Reached XP level 2. HP: 4/27 MP: 2/2
    56 | D:1      | HP: 1/27 [hobgoblin/club (3)]
   308 | D:1      | Reached XP level 3. HP: 18/33 MP: 3/3
   432 | D:1      | XOM: silly message
   519 | D:1      | XOM: mild Trmt miscast
   763 | D:1      | XOM: confusion (+ monsters)
  1120 | D:1      | XOM: noise
  1257 | D:2      | XOM: medium Conj miscast
  1287 | D:2      | XOM: harmless Air miscast
  1315 | D:2      | XOM: divination: detect creatures
  1347 | D:2      | Reached XP level 4. HP: 28/40 MP: 4/4
  1360 | D:2      | XOM: noise
  1376 | D:2      | XOM: divination: magic mapping
  1534 | D:2      | XOM: divination: detect creatures
  1597 | D:2      | Found a glowing golden altar of the Shining One.
  1650 | D:2      | XOM: divination: magic mapping
  1809 | D:2      | XOM: scenery: create altars
  1813 | D:2      | Found a stormy altar of Qazlal.
  1998 | D:2      | XOM: give mutation
  1998 | D:2      | Gained mutation: You have sharp fingernails. [Xom's grace]
  2171 | D:3      | Found an opulent altar of Gozag.
  2324 | D:3      | Reached XP level 5. HP: 28/47 MP: 5/5
  2433 | D:3      | Noticed an ogre
  2456 | D:3      | XOM: divination: detect items
  2558 | D:3      | XOM: butterfly on damage
  2788 | D:3      | Noticed an ice beast
  2788 | D:3      | an ogre changed into an ice beast
  2788 | D:3      | XOM: polymorph ogre -> ice beast
  2791 | D:3      | XOM: butterfly on damage
  2792 | D:3      | Slain by an ice beast

Skill      XL: |  1  2  3  4 |
---------------+-------------+-----
Fighting       | 4 |  4.9
Axes           | 4 |  4.2
Dodging        | 3 |  3.2

Action                   |  1- 3 |  4- 6 || total
-------------------------+-------+-------++-------
Melee: Hand axe          |    76 |   128 ||   204
       Tailslap          |     5 |    15 ||    20
  Use: Potion            |     1 |     2 ||     3
       Scroll            |       |     5 ||     5
 Stab: Confused          |     2 |       ||     2
       Petrifying        |       |     1 ||     1
       Paralysed         |       |     1 ||     1
       Sleeping          |       |     1 ||     1
  Eat: Royal jelly       |     1 |       ||     1
       Chunk             |       |     5 ||     5
Armor: Skin              |    23 |    28 ||    51
Dodge: Dodged            |    52 |    71 ||   123
